 Dungeon Crawl Stone Soup version 0.31-a0-960-g0fca184906 (webtiles) character file.

Game seed: 15607314212319052995

291 avis the Cleaver (level 6, -2/52 HPs)
             Began as a Hill Orc Monk on Oct 24, 2023.
             Was a Believer of Beogh.
             Slain by an adder (3 damage)
             ... on level 5 of the Dungeon.
             The game lasted 00:13:22 (4663 turns).

avis the Cleaver (Hill Orc Monk)                    Turns: 4663, Time: 00:13:23

Health: -2/52      AC:  7    Str: 16    XL:     6   Next: 32%
Magic:  6/6        EV: 11    Int: 10    God:    Beogh [**....]
Gold:   172        SH:  0    Dex: 13    Spells: 3/5 levels left

rFire   . . .        a - +0 hand axe
rCold   . . .        d - orb {light}
rNeg    . . .        n - +0 ring mail
rPois   .            r - +0 helmet
rElec   .            B - +0 cloak
rCorr   .            (no gloves)
SInv    .            (no boots)
Will    .....        (no amulet)
Stlth   +            (no ring)
HPRegen 0.28/turn    (no ring)
MPRegen 0.10/turn

%: no passive effects
@: glowing
A: no striking features
a: Renounce Religion, Smiting


You were on level 5 of the Dungeon.
You worshipped Beogh.
Beogh was pleased with you.
You visited 1 branch of the dungeon, and saw 5 of its levels.

You collected 172 gold pieces.

Inventory:

Hand Weapons
 a - a +0 hand axe (weapon)
 g - a +0 spear
 i - a +0 spear
 t - a +2 flail of draining
Missiles
 w - 2 boomerangs
Armour
 d - an orb of light (worn)
 n - a +0 ring mail (worn)
 r - a +0 helmet (worn)
 s - a +0 scale mail
 B - a +0 cloak (worn)
Magical Staves
 k - a staff of poison
 u - a staff of fire
Jewellery
 C - a +6 ring of intelligence
Talismans
 p - a beast talisman
Scrolls
 b - a scroll of amnesia {unknown}
 e - a scroll of butterflies {unknown}
 f - 5 scrolls of identify {unknown}
 h - a scroll of teleportation {unknown}
 m - a scroll of immolation {unknown}
 o - 2 scrolls of fear {unknown}
 x - a scroll of blinking {unknown}
 y - a scroll of silence {unknown}
 z - a scroll of vulnerability {unknown}
Potions
 c - 2 potions of ambrosia
 j - 2 potions of curing {unknown}
 l - a potion of attraction {unknown}
 q - 2 potions of mutation {unknown}
 v - a potion of resistance {unknown}
 A - 2 potions of might {unknown}


   Skills:
 - Level 4.0 Fighting
 * Level 8.9 Axes
 - Level 2.4 Dodging


You had 3 spell levels left.
You knew the following spells:

 Your Spells              Type           Power      Damage    Failure   Level
b - Blink                 Tloc           0%         N/A       73%         2

Your spell library contained the following spells:

 Spells                   Type           Power      Damage    Failure   Level
 Sting                    Tmut/Pois      0%         1d3       58%         1
 Summon Small Mammal      Summ           0%         N/A       58%         1
 Lesser Beckoning         Tloc           0%         N/A       73%         2
 Momentum Strike          Conj/Tloc      0%         3d8       73%         2
 Poisonous Vapours        Pois/Air       0%         N/A       73%         2
 Call Canine Familiar     Summ           0%         N/A       91%         3
 Sigil of Binding         Hex            0%         N/A       91%         3
 Summon Guardian Golem    Hex/Summ       0%         N/A       91%         3
 Dimensional Bullseye     Hex/Tloc       0%         N/A       100%        4
 Leda's Liquefaction      Hex/Erth       0%         N/A       100%        4
 Olgreb's Toxic Radiance  Pois           0%         N/A       100%        4


Dungeon Overview and Level Annotations

Branches:
Dungeon (5/15)
 Temple: D:4-7

Altars:
Makhleb
Ru
Xom
The Shining One

Shops:
D:2 ?   D:5 (

Annotations:
D:4 2 transporters
D:5 1 runed translucent door, tinfoiltophat's ghost, novice DjSu


Message History

There is a stone staircase leading down here.
You see here a +0 flail.
There is a stone staircase leading up here.
There is an escape hatch in the floor here.
You slide downwards.
The hatch slams shut behind you.
Found a scroll labelled AROICH ETRIXI.
Found an escape hatch in the ceiling.
There is an escape hatch in the ceiling here.
A mysterious force pulls you upwards. The hatch slams shut behind you.
Level annotation: 2 transporters
There is a stone staircase leading down here.
You climb downwards.
There is a stone staircase leading up here.
q - 2 fizzy pink potions (gained 1)
Found a runed translucent door.
f - 5 scrolls labelled AROICH ETRIXI (gained 1)
Found a ring mail.
Found a stone staircase leading down.
Found Jebow's Antique Weapon Shoppe.
Found 21 gold pieces.
Found 5 gold pieces.
An adder comes into view.
A centaur comes into view.
Found 33 gold pieces.
The centaur shouts!
The centaur wields a +0 shortbow.
The centaur shoots an arrow.
The arrow hits you.
The centaur shoots an arrow.
The arrow hits you!
You hit the adder.
The adder is heavily wounded.
The centaur shoots an arrow.
The arrow hits you! The adder completely misses you.
The centaur shoots an arrow.
The arrow hits you!
You hit the adder.
The adder is severely wounded.
The adder closely misses you.
The centaur shoots an arrow.
The arrow hits you!
* * * LOW HITPOINT WARNING * * *
The centaur shoots an arrow.
The arrow hits you!
* * * LOW HITPOINT WARNING * * *
The adder bites you.
You die...

....+....#.#...#.....
....###.##.#........
....###.............
....##.........#.## #
.........#.#...#.# .#
.........#.#<..#.##.# #
#........#.#........#.#
#....... #.#.#.#......#
....... #.....#@#.#####
.###.. ###....S$$$....
........$∩$.###
#.......$$$...#
.......#.#####.#
##.#####.# # c ... #.#
..#


You could see a centaur and an adder.

Vanquished Creatures
  A phantom (D:4)
  2 orc priests (D:3)
  An iguana (D:4)
  5 adders
  2 worms
  2 dart slugs
  3 orcs
  3 ball pythons
  6 endoplasms
  2 giant cockroaches
  9 goblins
  7 hobgoblins
  7 jackals
  2 quokkas
  5 bats
  5 frilled lizards
  7 kobolds
  8 rats
77 creatures vanquished.

Vanquished Creatures (others)
  An orc priest (D:3)
  A jackal (D:3)
2 creatures vanquished.

Grand Total: 79 creatures vanquished

Notes
Turn   | Place    | Note
-------+----------+-------------------------------------------
     0 | D:1      | avis the Hill Orc Monk began the quest for the Orb.
     0 | D:1      | Reached XP level 1. HP: 19/19 MP: 1/1
   152 | D:1      | Reached XP level 2. HP: 27/27 MP: 2/2
   434 | D:1      | Reached skill level 5 in Axes
   655 | D:1      | Reached XP level 3. HP: 27/33 MP: 3/3
  1136 | D:1      | Found a faded altar of an unknown god.
  1337 | D:2      | Found Guggubb's Magic Scroll Shop.
  1846 | D:2      | Reached skill level 6 in Axes
  2156 | D:3      | Reached XP level 4. HP: 40/40 MP: 4/4
  2163 | D:3      | Became a worshipper of Beogh the Brigand
  2163 | D:3      | Reached * piety under Beogh
  2163 | D:3      | Reached ** piety under Beogh
  2380 | D:3      | Reached skill level 7 in Axes
  2493 | D:3      | Reached XP level 5. HP: 46/46 MP: 5/5
  2729 | D:3      | Found a large runed translucent door.
  2741 | D:3      | Found a large runed translucent door.
  3319 | D:3      | Found a sacrificial altar of Ru.
  3331 | D:3      | Found a burning altar of Makhleb.
  3602 | D:4      | Found a glowing golden altar of the Shining One.
  3684 | D:4      | Found a transporter.
  3767 | D:4      | Reached skill level 8 in Axes
  3772 | D:4      | Found a shimmering altar of Xom.
  3834 | D:4      | Learned a level 2 spell: Blink
  4126 | D:4      | Noticed a phantom
  4139 | D:4      | Killed a phantom
  4140 | D:4      | Reached XP level 6. HP: 49/52 MP: 6/6
  4386 | D:4      | Found a transporter.
  4434 | D:5      | Entered Level 5 of the Dungeon
  4637 | D:5      | Found a runed translucent door.
  4643 | D:5      | Noticed tinfoiltophat's ghost (novice DjSu)
  4654 | D:5      | Found Jebow's Antique Weapon Shoppe.
  4663 | D:5      | HP: 1/52 [centaur/arrow (8)]
  4663 | D:5      | Slain by an adder

Illustrated notes

Levels and vault maps discovered:
D:1:      elethiomel_arrival_diamonds, layout_basic,
          dreamdust_ecumenical_altar_hidden_monk_grotto, minmay_hedge_maze
D:2:      layout_basic, serial_shops, nicolae_shop_advertising_works
          [nicolae_subvault_shop_adworks]
D:3:      layout_basic, jmf_multi_god_temple2
D:4:      layout_loops_ring, mainiacjoe_overflow_24_doors, tso_oasis_becter,
          gammafunk_ghost_stat_death, minmay_misc_feat_more_columns
D:5:      layout_basic, mainiacjoe_overflow_alcove_4,
          ebering_ghost_reflecting_pool, serial_shops, shop_coins,
          chequers_serial_rivers_micro_e, nicolae_elemental_shop,
          nrook_pool_corridor

Skill      XL: |  1  2  3  4  5 |
---------------+----------------+-----
Fighting       | 4 |  4.0
Axes           | 5 6 7 8 |  8.9
Dodging        | |  2.4

Action                     |  1- 3 |  4- 6 || total
---------------------------+-------+-------++-------
  Melee: Hand axe          |   109 |   124 ||   233
 Invoke: Convert to Beogh  |       |     1 ||     1
 Armour: Robe              |    48 |       ||    48
         Ring mail         |    11 |    49 ||    60
         Scale mail        |       |    22 ||    22
  Dodge: Dodged            |    60 |    52 ||   112

Table legend: (Time is in decaauts)
 A = Elapsed time spent in this place.
 B = Non-inter-level travel time spent in this place.
 C = Inter-level travel time spent in this place.
 D = Time resting spent in this place.
 E = Time spent auto-exploring this place.
 F = Levels seen in this place.
 G = Mean time per level.
                   A        B        C        D        E       F      G
               +--------+--------+--------+--------+--------+-----+--------+
         Total |   4663 |   4135 |    528 |    326 |   2890 |   5 |  932.6 |
       Dungeon |   4663 |   4135 |    528 |    326 |   2890 |   5 |  932.6 |
               +--------+--------+--------+--------+--------+-----+--------+

Top non-repeatable levels by time:
     D:3: 1357 daAuts
     D:1: 1299 daAuts
     D:4: 1039 daAuts
     D:2: 910 daAuts
     D:5: 57 daAuts
